 Dungeon Crawl Stone Soup version 0.26.1-2-gb8aa6d0cf2 (webtiles) character file.

Game seed: 10852534258774208674

1269 H0rd4k the Cutter (level 8, -9/58 HPs)
             Began as a Human Artificer on Mar 10, 2021.
             Was an Initiate of Gozag.
             Killed by divine providence
             ... invoked by an orc priest
              (11 damage)
             ... on level 6 of the Dungeon.
             The game lasted 00:11:16 (10646 turns).

H0rd4k the Cutter (Human Artificer)                Turns: 10646, Time: 00:11:17

Health: -9/58      AC:  4    Str: 16    XL:     8   Next: 82%
Magic:  8/8        EV: 14    Int: 11    God:    Gozag
Gold:   419        SH:  0    Dex: 13    Spells: 7/7 levels left

rFire    . . .     SeeInvis .   q - +1 dagger (venom)
rCold    + . .     Faith    .   (no shield)
rNeg     . . .     Spirit   .   b - +0 leather armour
rPois    .         Reflect  .   (no helmet)
rElec    .         Harm     .   (no cloak)
rCorr    .         Rampage  .   (no gloves)
Will     .....                  s - +0 pair of boots
Stlth    ++........             (no amulet)
HPRegen  0.19/turn              m - ring of protection from cold
MPRegen  0.11/turn              t - ring of wizardry

@: gold aura, flying
A: no striking features
a: Renounce Religion, Potion Petition, Call Merchant, Bribe Branch


You were on level 6 of the Dungeon.
You worshipped Gozag.
Gozag was aware of your devotion.
You visited 2 branches of the dungeon, and saw 7 of its levels.

You collected 506 gold pieces.
You paid 87 gold pieces to Gozag.

Inventory:

Hand Weapons
 q - a +1 dagger of venom (weapon)
Missiles
 k - 14 poisoned darts (quivered)
Armour
 b - a +0 leather armour (worn)
 s - a +0 pair of boots (worn)
Magical Staves
 c - an uncursed staff of air {unknown}
Jewellery
 m - a ring of protection from cold (left hand)
 t - a ring of wizardry (right hand)
Wands
 a - a wand of polymorph (8)
 d - a wand of enslavement (7)
 e - a wand of random effects (3)
 o - a wand of disintegration (7)
Scrolls
 f - 5 scrolls of identify {unknown}
 g - a scroll of remove curse
 i - 4 scrolls of immolation {unknown}
 j - 3 scrolls of blinking {unknown}
 n - 3 scrolls of enchant armour {unknown}
 r - a scroll of magic mapping {unknown}
Potions
 h - a potion of flight
 p - a potion of haste


   Skills:
 + Level 3.5 Fighting
 + Level 4.9 Short Blades
 + Level 1.2 Throwing
 + Level 4.4 Armour
 + Level 4.7 Dodging
 + Level 3.4 Stealth
 + Level 4.2 Evocations


You had 7 spell levels left.
You didn't know any spells.
Your spell library was empty.

Dungeon Overview and Level Annotations

Branches:
Dungeon (6/15)             Temple (1/1) D:5

Altars:
Ashenzari
Cheibriados
Dithmenos
Fedhas
Gozag
Kikubaaqudgha
Makhleb
Qazlal
Sif Muna
Trog
Wu Jian
Zin
The Shining One

Annotations:
D:3 exclusion: 2 downstairs
D:5 exclusion: centaur
D:6 1 exclusion


Message History

You closely miss the orc priest. The orc priest completely misses you.
You hit the orc priest but do no damage.
The orc priest is poisoned.
You hit the orc priest but do no damage.
The orc priest looks as sick as possible!
The orc priest is lightly wounded.
The orc priest hits you with a +0 falchion.
* * * LOW HITPOINT WARNING * * *
You hit the orc priest but do no damage.
The orc priest looks as sick as possible!
The orc priest is moderately wounded.
The orc priest hits you with a +0 falchion.
* * * LOW HITPOINT WARNING * * *
You hit the orc priest but do no damage.
The orc priest looks as sick as possible!
The orc priest is heavily wounded.
The orc priest calls down the wrath of Beogh upon you.
Beogh smites you!
You die...
Your body crumbles into a pile of gold.

... #.# ... ###.#
...## .$. #$# #o# #@#
###########.#
#########
#........##.#
#.......#
#.######.##.##
#.#####.# #.#
###.#...## ###.####
#.# #........#
#......# # #)#
#.###...####.#.##.##.#
#.# #.#
#........#.......# #.#
#.###..##########.####


You could see an orc priest (extremely poisoned).

Vanquished Creatures
  An ice beast (D:6)
  A sky beast (D:6)
  An ogre (D:6)
  2 centaurs (D:6)
  A bullfrog (D:6)
  A scorpion (D:5)
  A gnoll shaman (D:6)
  A hound (D:5)
  A bullfrog skeleton (D:5)
  2 orc priests (D:5)
  Jessica (D:2)
  An iguana (D:5)
  5 orc wizards
  Natasha (twice) (D:2)
  A worker ant (D:6)
  A hound skeleton (D:4)
  5 gnolls (D:6)
  11 adders
  2 white imps
  2 oozes
  An adder skeleton (D:5)
  3 worms
  3 dart slugs
  2 leopard geckos
  12 orcs
  6 bats
  6 giant cockroaches
  13 goblins
  4 hobgoblins
  6 jackals
  10 kobolds
  2 quokkas
  3 ball pythons
  6 frilled lizards
  A jackal zombie (D:6)
  A quokka skeleton (D:4)
  5 rats
127 creatures vanquished.

Vanquished Creatures (collateral kills)
  An orc priest (D:4)
  2 adders (D:2)
  2 orcs (D:4)
  A jackal (D:1)
  A kobold (D:1)
7 creatures vanquished.

Vanquished Creatures (others)
  2 orc wizards
  An adder (D:2)
  A leopard gecko (D:6)
  A jackal (D:1)
  8 plants
13 creatures vanquished.

Grand Total: 147 creatures vanquished

Notes
Turn   | Place    | Note
-------+----------+-------------------------------------------
     0 | D:1      | H0rd4k the Human Artificer began the quest for the Orb.
     0 | D:1      | Reached XP level 1. HP: 15/15 MP: 1/1
   247 | D:1      | Reached XP level 2. HP: 14/21 MP: 2/2
   832 | D:1      | Reached XP level 3. HP: 19/26 MP: 3/3
  1399 | D:1      | Reached skill level 1 in Short Blades
  2118 | D:2      | Noticed Natasha
  2134 | D:2      | Killed Natasha
  2135 | D:2      | Reached XP level 4. HP: 16/32 MP: 4/4
  2300 | D:2      | Noticed Natasha
  2308 | D:2      | Killed Natasha
  2440 | D:2      | Noticed Jessica
  2457 | D:2      | Killed Jessica
  2458 | D:2      | Reached XP level 5. HP: 14/38 MP: 5/5
  4474 | D:3      | Reached XP level 6. HP: 20/44 MP: 6/6
  4787 | D:3      | Found a shadowy altar of Dithmenos.
  4820 | D:3      | Found a snail-covered altar of Cheibriados.
  7296 | D:4      | Reached XP level 7. HP: 44/51 MP: 7/7
  7421 | D:5      | Entered Level 5 of the Dungeon
  7721 | D:5      | Reached skill level 1 in Throwing
  7814 | D:5      | Found a staircase to the Ecumenical Temple.
  7870 | Temple   | Entered the Ecumenical Temple
  8179 | Temple   | Became a worshipper of Gozag Ym Sagoz the Greedy
  8204 | D:5      | HP: 1/51 [white imp/puff of frost (4)]
  9172 | D:6      | Reached XP level 8. HP: 14/57 MP: 8/8
 10645 | D:6      | HP: 2/58 [orc priest/+0 falchion (2)]
 10646 | D:6      | Killed from afar by an orc priest

Illustrated notes

Levels and vault maps discovered:
D:1:      dpeg_arrival_arbitrary_c, layout_rooms, serial_bayou,
          serial_bayou_shore_a, serial_bayou_lake_a, serial_bayou_lagoon_b,
          serial_bayou_pond_e, serial_bayou_pond_d, serial_bayou_pond_e,
          wad_floor_pattern_untrapped
D:2:      minmay_general_purpose_star, layout_rooms, uniq_natasha, uniq_jessica
D:3:      layout_loops_cross, general_overflow_altar, serial_bayou_pond_e,
          corexii_corridor_pit, nicolae_dithmenos_shadow_blocks
D:4:      layout_gridville
D:5:      layout_cave_pools, minmay_temple_entry_statues
D:6:      layout_loops_corners
Temple:   compressed_dpeg_triangle_lava_temple

Skill      XL: |  1  2  3  4  5  6  7  8 |
---------------+-------------------------+-----
Short Blades   | 1 2 3 4 |  4.9
Dodging        | 2 3 4 |  4.7
Armour         | 3 4 |  4.4
Fighting       | 2 3 |  3.5
Stealth        | 2 3 |  3.4
Throwing       | 1 |  1.2
Evocations     | 4 |  4.2

Action                   |  1- 3 |  4- 6 |  7- 9 || total
-------------------------+-------+-------+-------++-------
Melee: Dagger            |   169 |   427 |   263 ||   859
       Club              |    11 |       |       ||    11
Throw: Dart              |       |    13 |       ||    13
Evoke: Wand              |     6 |    25 |     7 ||    38
  Use: Potion            |       |     4 |     2 ||     6
       Scroll            |       |       |     2 ||     2
 Stab: Sleeping          |       |     3 |     3 ||     6
       Confused          |       |       |     1 ||     1
Armor: Leather armour    |    78 |    92 |    23 ||   193
Dodge: Dodged            |   160 |   262 |   134 ||   556
